 Dungeon Crawl Stone Soup version 0.27.1-1-g398f81649c (webtiles) character file.

Game seed: 10224285472439256886

212 VictoriousLee the Slasher (level 5, -4/61 HPs)
             Began as a Barachi Fighter on Sept 6, 2021.
             Was an Initiate of Gozag.
             Slain by a wyvern (11 damage)
             ... on level 4 of the Dungeon.
             The game lasted 00:15:40 (4784 turns).

VictoriousLee the Slasher (Barachi Fighter)         Turns: 4784, Time: 00:15:41

Health: -4/61      AC: 22    Str: 18 (19) XL:     5   Next: 89%
Magic:  5/5        EV:  2    Int:  7 (8)  God:    Gozag
Gold:   144        SH:  9    Dex: 10 (11) Spells: 2/4 levels left

rFire    + . .     SeeInvis .   d - +1 falchion (holy)
rCold    x . .     Faith    .   c - +0 kite shield
rNeg     + + +     Spirit   .   (armour currently unavailable)
rPois    +         Reflect  .   (helmet currently unavailable)
rElec    .         Harm     .   (cloak currently unavailable)
rCorr    .         Rampage  .   (gloves currently unavailable)
Will     +....     NoTele   +   (boots currently unavailable)
Stlth    +.........             (no amulet)
HPRegen  0.20/turn              o - ring of willpower
MPRegen  0.09/turn              p - ring of fire

@: tree-form
A: stationary, stasis, torment immunity, boosted hp, (amphibious), (slowness 1),
(strong legs 1), +LOS
a: Renounce Religion, Potion Petition, Call Merchant, Bribe Branch


You were on level 4 of the Dungeon.
You worshipped Gozag.
Gozag was aware of your devotion.
You were a tree.
You visited 2 branches of the dungeon, and saw 5 of its levels.

You collected 204 gold pieces.
You paid 60 gold pieces to Gozag.

Inventory:

Hand Weapons
 a - a +0 long sword
 d - a +1 falchion of holy wrath (weapon)
Armour
 b - a +0 scale mail (melded)
 c - a +0 kite shield (worn)
 g - a +0 pair of gloves (melded)
 s - a +0 helmet (melded)
 t - a +0 chain mail
Jewellery
 o - a ring of willpower (left branch)
 p - a ring of fire (right branch)
Scrolls
 e - 2 scrolls of teleportation
 k - 2 scrolls of noise {unknown}
 l - a scroll of identify {unknown}
 r - a scroll of vulnerability {unknown}
Potions
 h - a potion of curing
 i - a potion of flight {unknown}
 j - a potion of ambrosia {unknown}
 m - a potion of berserk rage {unknown}


   Skills:
 - Level 3.6 Fighting
 + Level 7.1 Long Blades
 - Level 3.6 Armour
 - Level 3.2 Shields


You had 2 spell levels left.
You knew the following spells:

 Your Spells              Type           Power      Damage    Failure   Level
a - Call Imp              Summ           0%         N/A       97%         2

Your spell library contained the following spells:

 Spells                   Type           Power      Damage    Failure   Level
 Animate Skeleton         Necr           0%         N/A       91%         1
 Magic Dart               Conj           0%         1d3       91%         1
 Pain                     Necr           0%         1d4       91%         1
 Blink                    Tloc           N/A        N/A       97%         2
 Ignite Poison            Fire/Tmut/Pois 0%         N/A       99%         3
 Lesser Beckoning         Tloc           0%         N/A       99%         3
 Mephitic Cloud           Conj/Pois/Air  0%         N/A       99%         3
 Vampiric Draining        Necr           0%         2d6       99%         3
 Bolt of Magma            Conj/Fire/Erth 0%         4d4       100%        5
 Manifold Assault         Tloc           0%         N/A       100%        5


Dungeon Overview and Level Annotations

Branches:
Dungeon (4/15)             Temple (1/1) D:4

Altars:
Dithmenos
Elyvilon
Gozag
Kikubaaqudgha
Nemelex Xobeh
Qazlal
Sif Muna
Vehumet
Yredelemnul
Zin
The Shining One


Innate Abilities, Weirdness & Mutations

You are a tree.
Your roots penetrate the ground, keeping you stationary.
You cannot be teleported.
You are immune to unholy pain and torment.
Your maximum health is greatly increased.
Your equipment is partially melded.
((You are amphibious.))
((You cover ground slowly.))
((You can hop short distances.))
You have an extended range of vision and can be seen from far away.


Message History

The wyvern bites you!
* * * LOW HITPOINT WARNING * * *
Okay, then.
You need at least 400 gold to purchase potions right now!
Unknown command.
It was a potion of curing.
You feel better. The wyvern bites you.
* * * LOW HITPOINT WARNING * * *
It was a potion of degeneration.
There was something very wrong with that liquid.
You feel weakened.
You feel dopey.
You feel clumsy. The wyvern bites you!
* * * LOW HITPOINT WARNING * * *
You block the wyvern's attack.
It was a potion of lignification.
You turn into a tree.
Your +0 helmet melds into your body.
Your +0 pair of gloves melds into your body.
Your +0 scale mail melds into your body.
Your roots penetrate the ground.
The wyvern bites you but does no damage.
You barely miss the wyvern.
The wyvern is heavily wounded.
You block the wyvern's attack.
The wyvern bites you but does no damage.
You slash the wyvern!
The wyvern is severely wounded.
The wyvern bites you but does no damage.
You block the wyvern's attack.
You hit the wyvern.
The wyvern is severely wounded.
You block the wyvern's attack.
You hit the wyvern.
The wyvern is almost dead.
You block the wyvern's attack. The wyvern barely misses you.
You riposte.
Your shield prevents you from hitting the wyvern.
The wyvern is almost dead.
You hit the wyvern but do no damage.
The wyvern is almost dead.
The wyvern bites you!
You die...
Your body crumbles into a pile of gold.

########## ########
#........#####........
#........'...#.....l..
+........#...+........
#........#..♣#........
#........#...l........
#.......##..##########
#.......#....
#.......#....#
#.......#....#
#####.......#######
.........................#
..................(......#


You could see a wyvern.

Vanquished Creatures
  An orc priest (D:4)
  Terence (D:3)
  4 adders
  3 worms
  A dart slug (D:1)
  12 orcs
  14 ball pythons
  8 bats
  7 endoplasms
  2 giant cockroaches (D:3)
  9 goblins
  11 hobgoblins
  6 kobolds
  6 quokkas
  4 frilled lizards
  4 rats
93 creatures vanquished.

Notes
Turn   | Place    | Note
-------+----------+-------------------------------------------
     0 | D:1      | VictoriousLee the Barachi Fighter began the quest for the
                  | Orb.
     0 | D:1      | Reached XP level 1. HP: 18/18 MP: 1/1
    35 | D:1      | Reached skill level 3 in Long Blades
    35 | D:1      | Reached XP level 2. HP: 12/24 MP: 2/2
   525 | D:1      | Reached skill level 4 in Long Blades
   578 | D:1      | Reached XP level 3. HP: 23/29 MP: 3/3
  1019 | D:1      | Found a faded altar of an unknown god.
  1820 | D:2      | Reached skill level 5 in Long Blades
  1820 | D:2      | Reached XP level 4. HP: 36/36 MP: 4/4
  1923 | D:2      | Found a sparkling altar of Nemelex Xobeh.
  2971 | D:3      | Noticed Terence
  2987 | D:3      | Killed Terence
  2988 | D:3      | Reached skill level 6 in Long Blades
  2988 | D:3      | Reached XP level 5. HP: 36/41 MP: 5/5
  3138 | D:3      | Found a white marble altar of Elyvilon.
  3452 | D:3      | Found a basalt altar of Yredelemnul.
  3806 | D:4      | Learned a level 2 spell: Call Imp
  3977 | D:4      | Reached skill level 7 in Long Blades
  4220 | D:4      | Found a staircase to the Ecumenical Temple.
  4226 | Temple   | Entered the Ecumenical Temple
  4487 | Temple   | Became a worshipper of Gozag Ym Sagoz the Greedy
  4767 | D:4      | Noticed a wyvern
  4784 | D:4      | Slain by a wyvern

Illustrated notes

Levels and vault maps discovered:
D:1:      dpeg_arrival_rooms_b, layout_loops_ring,
          chequers_ecumenical_altar_lobes
D:2:      layout_loops_ring, basic_altar, dk_noncrumbling_4,
          grunt_decor_resistance
D:3:      layout_loops_corners, kennysheep_ying_yang, uniq_terence
D:4:      layout_gridville, minmay_temple_entry_enclosed_plants,
          minmay_quadrilaterals
Temple:   nicolae_temple_figure_zero

Skill      XL: |  1  2  3  4  5 |
---------------+----------------+-----
Long Blades    | 3 4 5 6 7 |  7.1
Fighting       | |  3.6
Armour         | |  3.6
Shields        | |  3.2

Action                   |  1- 3 |  4- 6 || total
-------------------------+-------+-------++-------
Melee: Long sword        |   121 |   128 ||   249
       Falchion          |       |    55 ||    55
  Use: Scroll            |       |     1 ||     1
       Potion            |       |     4 ||     4
Armor: Scale mail        |    49 |    78 ||   127
       Skin              |       |     3 ||     3
Dodge: Dodged            |    35 |    52 ||    87
Block: Kite shield       |    64 |    98 ||   162
       Rpst.: Long sword |    10 |    15 ||    25
       Falchion          |       |     3 ||     3
